 Dungeon Crawl Stone Soup version 0.19.4-9-g45fd643 (webtiles) character file.

4283 nikopol the Fighter (level 10, 0/66 HPs)
             Began as a Gargoyle Berserker on Feb 18, 2017.
             Was a High Priest of Trog.
             Slain by a yak (11 damage)
             ... on level 9 of the Dungeon on Feb 19, 2017.
             The game lasted 00:36:49 (10752 turns).

nikopol the Fighter (Gargoyle Berserker)           Turns: 10752, Time: 00:36:50

Health: 0/66       AC: 19    Str: 21    XL:     10   Next: 32%
Magic:  10/10      EV: 13    Int:  8    God:    Trog [*****.]
Gold:   583        SH:  0    Dex: 12    Spells: 0 memorised, 9 levels left

rFire  . . .     SeeInvis .     a - +0 mace
rCold  . . .     Gourm    .     u - +0 scale mail
rNeg   + . .     Faith    .     (no shield)
rPois  ∞         Spirit   .     m - +0 helmet
rElec  +         Reflect  .     V - +2 cloak
rCorr  .         Harm     .     (no gloves)
MR     +....                    (no boots)
Stlth  ..........               Q - amulet of regeneration
                                O - ring of protection from magic
                                (no ring)

@: exhausted, slowed, very slow
A: negative energy resistance 1, electricity resistance, unbreathing,
petrification resistance, rot immunity, AC +7
a: Berserk, Trog's Hand, Brothers in Arms, Burn Spellbooks, Renounce Religion


You were on level 9 of the Dungeon.
You worshipped Trog.
Trog was extremely pleased with you.
You were hungry.

You visited 1 branch of the dungeon, and saw 9 of its levels.

You collected 583 gold pieces.

Inventory:

Hand Weapons
 a - a +0 mace (weapon)
 d - a +0 flail
Missiles
 n - 84 arrows (quivered)
Armour
 b - a +0 animal skin
 e - a +0 ring mail
 m - a +0 helmet (worn)
 u - a +0 scale mail (worn)
 V - a +2 cloak (worn)
Jewellery
 M - an uncursed ring of flight
 O - a ring of protection from magic (right hand)
 Q - an amulet of regeneration (around neck)
Wands
 v - a wand of flame (19/48)
 y - a wand of polymorph (7/24)
 C - a wand of digging (8/24)
 D - a wand of slowing (21/48)
 F - a wand of digging (8/24)
 H - a wand of flame (20/48)
 P - a wand of random effects (25/48)
 W - a wand of enslavement (19/24)
Scrolls
 g - 3 scrolls of recharging {unknown}
 i - 7 scrolls of identify
 l - 3 scrolls of blinking {unknown}
 q - 4 scrolls of random uselessness {unknown}
 t - 3 scrolls of enchant weapon {unknown}
 E - a scroll of holy word {unknown}
 G - a scroll of teleportation {unknown}
 J - a scroll of enchant armour {unknown}
 K - a scroll of fog {unknown}
 R - a scroll of silence {unknown}
 U - a scroll of magic mapping {unknown}
Potions
 k - 3 potions of resistance
 o - a potion of ambrosia
 r - a potion of flight {unknown}
 s - 3 potions of cure mutation {unknown}
 w - a potion of magic {unknown}
 x - 3 potions of lignification {unknown}
 z - a potion of might {unknown}
 A - a potion of heal wounds {unknown}
 B - 4 potions of curing {unknown}
 I - a potion of brilliance {unknown}
 L - a potion of mutation {unknown}
 N - 2 potions of haste {unknown}
Comestibles
 c - 8 bread rations
 f - 4 fruits
 h - 8 meat rations
 j - 3 beef jerkies
 p - 2 slices of pizza
 S - 2 chunks of flesh


   Skills:
 + Level 9.1 Fighting
 + Level 8.0 Maces & Flails
 + Level 8.2 Armour
 + Level 6.1 Dodging


You had 9 spell levels left.
You didn't know any spells.

Dungeon Overview and Level Annotations

Branches:
Dungeon (9/15)             Temple (0/1) D:5
   Lair: D:8-11         Orc: D:9-12

Altars:
Dithmenos
Okawaru
Uskayaw
Yredelemnul
Zin
The Shining One

Shops:
D:4 :


Innate Abilities, Weirdness & Mutations

You are resistant to torment.
Your stone body is resilient. (AC +7)
You are immune to poison.
You resist negative energy. (rN+)
You are resistant to electric shocks. (rElec)
You can survive without breathing.
You are immune to petrification.
You are immune to rotting.


Message History

The yak is almost dead.
The kobold closely misses the freed slave.
The freed slave closely misses the yak.
The yak misses you. The yak gores you.
* * * LOW HITPOINT WARNING * * *
The yak gores the freed slave but does no damage.
The freed slave closely misses the big kobold.
The big kobold hits the freed slave.
The kobold throws a stone.
The stone hits the freed slave.
The kobold barely misses the freed slave.
The freed slave barely misses the yak.
The yak gores you but does no damage.
Your scale mail prevents you from hitting the yak.
The yak is almost dead.
The yak gores you.
* * * LOW HITPOINT WARNING * * *
The yak gores the freed slave!
The freed slave misses the big kobold.
The kobold barely misses the freed slave.
The big kobold hits the freed slave but does no damage.
The kobold hits the freed slave but does no damage.
The freed slave hits the yak!
The yak gores you!
You die... #.# #.# #.# #.# #.# # . #.###.#.K. ########## ###Y((K..... .........# #@YpppK.#

########.####Y####K.#
#<.......# ...Y
######.#.# #### #.#.#
#.. . ...... ....##.
....# ..


You could see 3 yaks, a big kobold, 2 kobolds and 3 neutral freed slaves.

Vanquished Creatures
  Pikel (D:9)
  A troll (D:8)
  A hornet (D:8)
  Sigmund (D:6)
  A human (D:5)
  A water moccasin (D:7)
  3 sky beasts (D:6)
  2 orc warriors (D:8)
  A slave (D:9)
  A black bear (D:7)
  2 phantoms
  A necrophage (D:7)
  A big kobold (D:6)
  2 bullfrogs
  A gnoll sergeant (D:6)
  2 scorpions
  3 killer bees (D:7)
  4 electric eels (D:7)
  A howler monkey (D:6)
  3 crimson imps
  A bullfrog zombie (D:5)
  2 jellies (D:7)
  5 orc priests
  3 orc wizards
  4 gnoll shamans (D:6)
  2 hounds
  A centaur skeleton (D:5)
  Jessica (D:3)
  Natasha (twice) (D:2)
  Terence (D:3)
  An iguana (D:8)
  9 worker ants
  A hound skeleton (D:4)
  A howler monkey zombie (D:7)
  31 gnolls
  5 adders
  A shadow imp (D:5)
  An ooze (D:3)
  3 worms (D:3)
  11 dart slugs
  6 leopard geckos
  23 orcs
  A ball python (D:1)
  2 giant cockroaches (D:1)
  6 goblins
  9 hobgoblins
  33 jackals
  6 kobolds
  A quokka (D:2)
  7 bats
  3 frilled lizards (D:1)
  A goblin zombie (D:5)
  A kobold zombie (D:5)
  2 quokka zombies (D:6)
  11 rats
  A plant (D:6)
232 creatures vanquished.

Vanquished Creatures (others)
  A crimson imp (D:5)
  A worker ant (D:5)
  A dart slug (D:7)
  An orc (D:7)
  A kobold (D:9)
5 creatures vanquished.

Grand Total: 237 creatures vanquished

Notes
Turn   | Place    | Note
-------+----------+-------------------------------------------
     0 | D:1      | nikopol the Gargoyle Berserker began the quest for the Orb.
     0 | D:1      | Reached XP level 1. HP: 14/14 MP: 1/1
    16 | D:1      | Reached XP level 2. HP: 7/19 MP: 2/2
   393 | D:1      | Reached XP level 3. HP: 14/23 MP: 3/3
   516 | D:1      | Reached ** piety under Trog
  1073 | D:2      | Reached XP level 4. HP: 22/29 MP: 4/4
  1382 | D:2      | Found an iron altar of Okawaru.
  1397 | D:2      | Noticed Natasha
  1412 | D:2      | Killed Natasha
  1412 | D:2      | Reached skill level 4 in Fighting
  1421 | D:2      | Noticed Natasha
  1426 | D:2      | Killed Natasha
  1631 | D:2      | Reached XP level 5. HP: 33/33 MP: 5/5
  1659 | D:2      | Found a shadowy altar of Dithmenos.
  1662 | D:2      | Found a glowing golden altar of the Shining One.
  1662 | D:2      | Found a basalt altar of Yredelemnul.
  2084 | D:3      | Noticed Terence
  2109 | D:3      | Killed Terence
  2202 | D:3      | Found a faded altar of an unknown god.
  2310 | D:3      | Reached XP level 6. HP: 24/39 MP: 6/6
  2447 | D:3      | Noticed Jessica
  2454 | D:3      | Killed Jessica
  2514 | D:3      | Found a hide-covered altar of Uskayaw.
  2514 | D:3      | Found a glowing silver altar of Zin.
  2535 | D:3      | Reached *** piety under Trog
  3057 | D:4      | Reached skill level 5 in Fighting
  3061 | D:4      | Found Ifutaquo's Book Boutique.
  3232 | D:4      | Reached XP level 7. HP: 42/44 MP: 7/7
  3481 | D:5      | Entered Level 5 of the Dungeon
  3758 | D:5      | Found a staircase to the Ecumenical Temple.
  3781 | D:5      | Found a runed door.
  3781 | D:5      | Noticed a human
  3788 | D:5      | Found a basalt altar of Yredelemnul.
  3903 | D:5      | Reached skill level 5 in Maces & Flails
  4184 | D:5      | Killed a human
  4641 | D:6      | Reached skill level 5 in Armour
  4641 | D:6      | Reached XP level 8. HP: 8/51 MP: 8/8
  5014 | D:6      | Reached skill level 6 in Fighting
  5131 | D:6      | Reached **** piety under Trog
  6665 | D:6      | Reached skill level 7 in Fighting
  6684 | D:6      | Reached XP level 9. HP: 51/57 MP: 9/9
  6719 | D:6      | Noticed Sigmund
  6750 | D:6      | Killed Sigmund
  6899 | D:6      | Reached skill level 5 in Dodging
  8280 | D:7      | Reached ***** piety under Trog
  8609 | D:7      | Reached skill level 8 in Fighting
  9287 | D:7      | HP: 1/60 [killer bee (4)]
  9292 | D:7      | HP: 4/90 [killer bee (1)]
  9760 | D:8      | Noticed a hornet
  9775 | D:8      | HP: 1/60 [hornet (11)]
  9777 | D:8      | Killed a hornet
  9777 | D:8      | Reached XP level 10. HP: 2/65 MP: 10/10
 10294 | D:8      | Received a gift from Trog
 10294 | D:8      | Reached skill level 9 in Fighting
 10708 | D:9      | Noticed Pikel
 10749 | D:9      | Killed Pikel
 10752 | D:9      | Slain by a yak

Skill      XL: |  1  2  3  4  5  6  7  8  9 10 |
---------------+-------------------------------+-----
Dodging        | 2 3 4 5 6 |  6.1
Fighting       | 4 5 7 8 9 |  9.1
Armour         | 3 4 5 6 7 8 |  8.2
Maces & Flails | 4 5 6 7 8 |  8.0

Action                   |  1- 3 |  4- 6 |  7- 9 | 10-12 || total
-------------------------+-------+-------+-------+-------++-------
Melee: Mace              |   136 |   249 |   932 |   124 ||  1441
Invok: Berserk           |       |     2 |     4 |     3 ||     9
       Burn Spellbooks   |       |       |     1 |       ||     1
  Use: Scroll            |       |       |     3 |       ||     3
  Eat: Chunk             |       |    10 |    22 |     6 ||    38
       Royal jelly       |       |       |     1 |     1 ||     2
Armor: Animal skin       |     7 |       |       |       ||     7
       Ring mail         |    72 |    34 |       |       ||   106
       Scale mail        |       |   159 |   553 |    94 ||   806
Dodge: Dodged            |    93 |   215 |   650 |    88 ||  1046
